[Event "ROM-GER Kings"]
[Site "Medias"]
[Date "2015.11.01"]
[Round "3.2"]
[White "Parligras, Mircea Emilian"]
[Black "Bluebaum, Matthias"]
[Result "1-0"]
[ECO "C18"]
[WhiteElo "2586"]
[BlackElo "2588"]
[Annotator "Bulmaga,I"]
[PlyCount "41"]
[EventDate "2015.10.30"]
[EventType "schev"]
[EventRounds "5"]
[EventCountry "ROU"]
[SourceTitle "CBM 169"]
[Source "ChessBase"]
[SourceDate "2015.11.10"]
[SourceVersion "1"]
[SourceVersionDate "2015.11.10"]
[SourceQuality "1"]
[WhiteTeam "Romania"]
[BlackTeam "Germany"]
[WhiteTeamCountry "ROU"]
[BlackTeamCountry "GER"]
[TimeControl "40/5400+30:1800+30"]

1. e4 {In Runde zwei hat GM Lupulescu seinen Gegner mit 1.e4 überrascht,
jetzt macht GM Parligras das Gleiche.} e6 2. d4 d5 3. Nc3 Bb4 {Blübaum
entscheidet sich, die Überraschung 1.e4 seinerseits mit einer Überraschung
zu beantworten und mit 3...Bb4 eine Variante zu spielen, die er jahrelang
nicht angewandt hat. In dieser Stellung spielt Blübaum normalerweise 3...Sf6.}
4. e5 Ne7 5. a3 Bxc3+ 6. bxc3 c5 7. h4 (7. Qg4 {Führt zur scharfen,
theoretisch gründlich untersuchten Hauptvariante.}) 7... Qa5 8. Bd2 Qa4 9. Nf3
b6 10. dxc5 bxc5 (10... Ba6 {Schwarz sollte versuchen, die weißfeldrigen
Läufer abzutauschen, denn ohne diese Läufer hat Weiß Schwierigkeiten,
Angriff zu entwickeln.} 11. h5 Bxf1 12. Kxf1 Qc4+ $13) 11. h5 h6 (11... Ba6 12.
h6 Bxf1 13. Kxf1 g6 $13) (11... Nf5 12. h6 gxh6 13. Bxh6 Qe4+ 14. Be2 Nxh6 15.
Rxh6 Ba6 16. Kf1 Bxe2+ 17. Qxe2 Qxe2+ 18. Kxe2 $14 {und die Schwäche auf h7
sichert Weiß leichten Vorteil.}) 12. Rh4 Qc6 13. Rg4 Nf5 14. Bd3 {[#]} O-O $4
{Eine sehr natürliche Fortsetzung, die jedoch brillant widerlegt wird!} (14...
Ba6 $5 15. Bxf5 exf5 16. Rxg7 Qa4) (14... Kf8 15. c4 {mit Vorteil für Weiß.})
15. Qc1 $1 Kh8 16. Rxg7 $3 {[#]} Nxg7 (16... Kxg7 17. Bxh6+ Nxh6 18. Qg5+ Kh8
19. Qxh6+ Kg8 20. Qh7#) 17. Bxh6 Rg8 (17... f5 18. exf6 Rxf6 19. Bxg7+ Kxg7 20.
Qg5+ Kf7 21. Ne5+ $18) 18. Bg5 Nxh5 19. Bf6+ Rg7 20. Qh6+ Kg8 21. Qxh5 1-0

[Event "Monaco Grand Prix-02 GM"]
[Site "Monte Carlo"]
[Date "1968.04.??"]
[Round "6"]
[White "Byrne, Robert Eugene"]
[Black "Uhlmann, Wolfgang"]
[Result "1-0"]
[ECO "C18"]
[WhiteElo "2450"]
[BlackElo "2590"]
[Annotator "Myers,D"]
[PlyCount "89"]
[EventDate "1968.04.03"]
[EventType "tourn"]
[EventRounds "13"]
[EventCountry "MNC"]
[SourceTitle "EXT 2021"]
[Source "ChessBase"]
[SourceDate "2020.10.23"]
[SourceVersion "1"]
[SourceVersionDate "2020.10.23"]
[SourceQuality "1"]
[TimeControl "40/7200:20/3600:0"]

1. e4 e6 2. d4 d5 3. Nc3 Bb4 4. e5 c5 5. a3 Bxc3+ 6. bxc3 Ne7 7. Qg4 Qc7 8.
Qxg7 Rg8 9. Qxh7 cxd4 10. Ne2 Nbc6 11. f4 Bd7 12. h3 $5 (12. cxd4 $2 Nxd4 $17)
(12. Rb1) (12. g3 {Levenfish}) 12... dxc3 13. g4 O-O-O 14. Qd3 d4 (14... Ng6
15. Bg2 Nh4 16. Bf1 Nxe5 17. fxe5 Qxe5 18. Qxc3+ Qxc3+ 19. Nxc3) 15. Rb1 (15.
Ng3 $5 Ng6 16. Be2 $2 (16. Bg2 Ncxe5 17. fxe5 Nxe5 18. Qe2 Nxg4 {(Moles 75)})
16... Ngxe5 17. fxe5 Nxe5 {(Moles 75)}) (15. Bg2 $1 Na5 (15... Qb6 $5 {
(Uhlmann)}) (15... Nf5 $6 16. Be4 {(Korelov)}) 16. Nxd4 $2 (16. Qxd4 $6 Bc6 17.
Qf2 Rd2 $5 {(Moles 75)}) (16. O-O Bc6 {(Moles)}) 16... Bc6 $1 {(Moles 75)})
15... Nxe5 $5 (15... Ng6) (15... Be8 16. Bg2 f6 $2 (16... Ng6 {(Watson 84)})
17. exf6 Bg6 18. Be4 {(Moles 75)}) 16. fxe5 Bc6 $1 17. Rg1 Ng6 $1 $44 {(eco 81)
} 18. Bf4 $5 (18. Qg3 $1 {Uhlmann} d3 (18... Be4 $5 {Larsen} 19. Bg2 Bxc2 20.
Rxb7 Qc4 21. Qf3 $5 Nxe5 22. Rb8+ Kd7 23. Qb7+ Kd6 24. Rxd8+ Rxd8 25. Bf4 d3
$13 {(Watson 84)}) 19. cxd3 c2 20. Rb4 Nxe5 21. Bf4 Rxd3 22. Bxe5 Rxg3 23. Bxc7
Rxg1 24. Bf4 $1 $14 {(Uhlmann)}) 18... Nxf4 19. Nxf4 Qxe5+ 20. Ne2 Rd5 $1 (
20... Be4 $1 21. Qc4+ Kb8 22. Bg2 Bxg2 23. Rxg2 Qe4 24. Rf2 f5 $44 {(Uhlmann)}
25. Qd3 $5 {(Moles 75)}) 21. Bg2 Bb5 $132 22. Qe4 $6 (22. Rxb5 Rxb5 23. Qxd4
Rb1+ 24. Kf2 Qxd4+ 25. Nxd4 Rxg1 26. Kxg1 Rd8 $10 {(Uhlmann)}) 22... d3 $1 23.
Qxe5 (23. Rxb5 Rxb5 24. Qxe5 (24. cxd3 Qc5 $13 {(Gligoric)}) 24... Rxe5 25.
cxd3 Rd8 26. Be4 c2 $1 {(Gligoric)}) 23... Rxe5 24. Rxb5 $6 Rxb5 $6 (24...
Rxe2+ $1 25. Kd1 (25. Kf1 Rxc2 26. Bxb7+ Kc7 27. Be4 Rd8 $1 {(Gligoric)}) 25...
Rd2+ 26. Kc1 Rxc2+ 27. Kb1 Rd8 $1 $17 {(Watson 84)} 28. Bxb7+ Kc7 29. Be4 Re2 {
(Gligoric)} 30. Bxd3 $17 {(Moles 75)}) 25. Nxc3 dxc2 26. Kd2 Rb2 27. Be4 c1=Q+
28. Kxc1 Rb3 29. Kc2 Rxa3 30. Rf1 Rg7 31. Rf4 Kb8 $2 (31... f5 $1 32. gxf5 Rc7
$1 33. Rf3 exf5 34. Bxf5+ Kd8 35. h4 Rcxc3+ $10 {(Gligoric)}) 32. Bd3 Ra1 33.
h4 Rh1 34. g5 Rh2+ 35. Kb3 Kc7 $2 (35... a6) 36. Nb5+ Kd7 37. Nxa7 e5 38. Rb4
b6 39. Bf5+ Kc7 40. Rc4+ Kb7 41. Nb5 Ka6 42. Nd6 b5 43. Rc6+ Ka7 44. Nxb5+ Kb7
45. Rc4 1-0

[Event "Monaco Grand Prix-02 GM"]
[Site "Monte Carlo"]
[Date "1968.04.??"]
[Round "2"]
[White "Portisch, Lajos"]
[Black "Uhlmann, Wolfgang"]
[Result "1-0"]
[ECO "C18"]
[WhiteElo "2620"]
[BlackElo "2590"]
[Annotator "Myers,D"]
[PlyCount "95"]
[EventDate "1968.04.03"]
[EventType "tourn"]
[EventRounds "13"]
[EventCountry "MNC"]
[SourceTitle "EXT 2021"]
[Source "ChessBase"]
[SourceDate "2020.10.23"]
[SourceVersion "1"]
[SourceVersionDate "2020.10.23"]
[SourceQuality "1"]
[TimeControl "40/7200:20/3600:0"]

1. e4 e6 2. d4 d5 3. Nc3 Bb4 4. e5 Ne7 5. a3 Bxc3+ 6. bxc3 c5 7. Qg4 Qc7 8.
Qxg7 Rg8 9. Qxh7 cxd4 10. Ne2 Nbc6 11. f4 Bd7 12. Qd3 dxc3 13. Qxc3 Nf5 14. Rb1
$1 d4 15. Qc4 $1 Qa5+ $5 (15... O-O-O 16. Bd2 f6 $1 17. exf6 Rdf8 $132 {
(Watson 84)} (17... Nd6 $132 {(Watson 84)})) 16. Bd2 Qxa3 17. Rxb7 Qa1+ $6 (
17... Ne3 $1 {Portisch} 18. Bxe3 dxe3 19. Qc3 (19. Qb3 Qa5+ 20. c3 $5 Ke7 21.
Qd1 Rgd8 {(Watson 84)}) 19... Qxc3+ 20. Nxc3 Nd4 21. Ne4 Bc6 22. Nd6+ Kd8 23.
Nxf7+ $10 {(bco 82)}) 18. Kf2 Rc8 19. Qd3 Nce7 (19... Nd8 {O'Kelly} 20. Rb3 Ba4
$6 21. Ra3 Qd1 22. Rxa4 $6 (22. Nxd4 $1 Bxc2 (22... Nxd4 $2 23. Qxd4 Bxc2 24.
Bb5+) 23. Qb5+ Kf8 24. Qb4+ Kg7 25. Rg1 Nxd4 26. Qxd4 Nc6 27. Rg3+ Kh8 28. Rh3+
Kg7 29. Qe3 $132 {(Judovic 68)}) 22... Rxc2 23. Qb5+ Kf8 24. Bb4+ Kg7 25. Ra3
$1 {(Portisch 68)}) 20. c4 $1 $16 {(eco 74/81)} Qa6 21. Rb2 Qxc4 22. Qxc4 Rxc4
23. Rg1 $16 {(Moles 75)} Ne3 $5 24. Bxe3 dxe3+ 25. Kxe3 Nd5+ 26. Kd3 Rc8 27. g3
a5 28. Bg2 Nb4+ 29. Ke3 Ke7 30. Rc1 Bb5 31. Rxc8 Rxc8 32. Be4 Bxe2 33. Kxe2 f6
34. exf6+ Kxf6 35. Rb3 e5 36. f5 Rc4 37. Kf3 a4 38. Ra3 Nc2 39. Bxc2 Rxc2 40.
Rxa4 Kxf5 41. h4 Rc3+ 42. Kg2 Rc2+ 43. Kh3 e4 44. Ra5+ Kf6 (44... Ke6 45. Kg4
Rf2 46. Ra8 Kd5 47. Re8 Kd4 48. h5 e3 49. h6 Rh2 (49... e2 50. h7 Rh2 51. Rxe2
Rxh7 52. Kf5) 50. Kf4 $1 Rxh6 (50... e2 51. g4) 51. Rd8+) 45. Ra8 Kf7 46. Ra4
e3 47. Re4 e2 48. Re3 {i5/208(Portisch)} 1-0

[Event "Monaco Grand Prix-02 GM"]
[Site "Monte Carlo"]
[Date "1968.04.??"]
[Round "4"]
[White "Byrne, Robert Eugene"]
[Black "Botvinnik, Mikhail"]
[Result "1/2-1/2"]
[ECO "C18"]
[WhiteElo "2450"]
[BlackElo "2650"]
[Annotator "Myers,D"]
[PlyCount "50"]
[EventDate "1968.04.03"]
[EventType "tourn"]
[EventRounds "13"]
[EventCountry "MNC"]
[SourceTitle "EXT 2021"]
[Source "ChessBase"]
[SourceDate "2020.10.23"]
[SourceVersion "1"]
[SourceVersionDate "2020.10.23"]
[SourceQuality "1"]
[TimeControl "40/7200:20/3600:0"]

1. e4 e6 2. d4 d5 3. Nc3 Bb4 4. e5 c5 5. a3 Bxc3+ 6. bxc3 Qc7 7. Qg4 f5 8. Qg3
Ne7 9. Qxg7 Rg8 10. Qxh7 cxd4 11. Ne2 (11. Kd1) 11... Nbc6 (11... dxc3 12. f4
Nbc6 13. Qh3 (13. Nxc3 Nd4 14. Nb5 Nxb5 15. Bxb5+ Bd7 16. Qh5+ Kd8 $1 $17 {
(Vukovic)}) 13... d4 14. Rb1 b6 {Saigin-Batygin USSR 1953}) 12. f4 $1 (12. Bf4
$6 Bd7 13. Rd1 dxc3 $132 {(Keres 69)} 14. Qh3 Ng6 15. Qxc3 Nxf4 16. Nxf4 Qxe5+
$15 {(eco 81) Sherbakov-Antoshin USSR 1959}) 12... Bd7 (12... dxc3 $5) 13. Qh3
dxc3 14. Qxc3 O-O-O 15. g3 Be8 16. Bg2 Bh5 17. Bd2 Qb6 18. Rf1 Kb8 $10 {
(eco 74/81)} 19. Bf3 Bg4 $1 20. O-O-O d4 21. Qb3 Qa6 22. Qd3 Qa4 23. Qb3 Qa6
24. Qd3 Qb6 25. Qb3 Qa6 1/2-1/2

[Event "Belgrade RAD 30"]
[Site "Belgrade"]
[Date "1977.01.31"]
[Round "13.4"]
[White "Velimirovic, Dragoljub"]
[Black "Suetin, Alexey S"]
[Result "1-0"]
[ECO "C18"]
[WhiteElo "2525"]
[BlackElo "2525"]
[Annotator "Primel,D"]
[PlyCount "105"]
[EventDate "1977.01.15"]
[EventType "tourn"]
[EventRounds "13"]
[EventCountry "SRB"]
[EventCategory "9"]
[SourceTitle "EXT 2018"]
[Source "ChessBase"]
[SourceDate "2017.10.13"]
[SourceVersion "1"]
[SourceVersionDate "2017.10.13"]
[SourceQuality "1"]
[TimeControl "40/9000:16/5400:0"]

1. e4 e6 2. d4 d5 3. Nc3 Bb4 4. e5 c5 5. a3 Bxc3+ 6. bxc3 Ne7 7. Qg4 Qc7 8. Bd2
(8. Qxg7 Rg8 {La grande ligne}) 8... cxd4 9. cxd4 Qxc2 10. Rc1 (10. Qxg7 Rg8
11. Qh6 Qb2 12. Rc1 Qxd4 13. Bc3 Qe4+ 14. Ne2 Nbc6 15. f3 Qf5 16. Qe3 Bd7 17.
Ng3 Qg5 18. f4 Qh4 19. Bd3 d4 {0-1 (19) Seiffert,R-Uhlmann,W Jena 1953}) 10...
Qe4+ 11. Qxe4 dxe4 12. Ne2 Nbc6 13. g3 (13.
Be3 O-O 14. Nc3) 13... f5 $146 (13... b6 14. Bg2 Ba6 15. Bxe4 Rc8 16. Bb4 Kd7
17. Bxe7 Nxe7 18. Kd2 Bxe2 19. Kxe2 Rxc1 20. Rxc1 Rc8 21. Rxc8 Kxc8 22. Kd3 b5
23. h4 h6 24. f4 Kc7 25. h5 Kb6 26. g4 Ka5 27. Kc3 Ka4 28. Kb2 b4 29. Bc2+ Kb5
30. Bd3+ Ka4 31. Bc2+ Kb5 32. Bd3+ Ka4 33. Bc2+ Kb5 34. Bd3+ Ka5 35. f5 exf5
36. gxf5 Nc6 37. e6 fxe6 38. fxe6 Ne7 39. Be4 Kb5 40. Bd3+ Ka4 41. Bc4 bxa3+
42. Kc3 a2 43. Bxa2 {Akopian,G-Nikitin,Y Moscow 1967 1/2-1/2}) 14. exf6 gxf6
15. Bg2 f5 16. f3 e3 17. Bxe3 Nd5 18. Kf2 Bd7 19. Bg5 h6 20. Bh4 (20. Bd2 Ke7)
20... Nce7 21. f4 Bc6 22. Nc3 Kf7 23. Rhe1 $14 Rac8 24. Nxd5 Nxd5
25. Re5 Rhe8 $6 26. Bf3 $1 Nf6 27. Bxc6 Rxc6 28. Rxc6 bxc6 29.
Ra5 $36 (29. Rc5) 29... Re7 30. Bxf6 Kxf6 31. Rc5 Rc7 32. Kf3 {[%csl Rc6,Re6]
Les Blancs ont une bonne finale} h5 33. Kg2 Ke7 34. Kh3 Kd6 35. Kh4 Rb7 36. Rc2 Rb3 37. Kxh5 Rxa3 38. Kg6 a5 (38... Ra4
39. Rd2 Kd5 $132) (38... Kd5) 39. Rg2 $1 a4 (39... Rd3 40. h4
Rxd4 41. h5 $40 Rb4 42. h6 Rb8 43. Kg7) 40. h4 Rb3 41. h5 a3 42. h6 a2 (42...
Rb2 43. h7 Rxg2 44. h8=Q) 43. h7 a1=Q 44. h8=Q Qa5 45. Qf8+ Kd5 46. Qe7 Qa3 47.
Qd8+ Ke4 48. g4 fxg4 49. Qd7 Re3 50. Qxe6+ Kd3 51. Qxe3+ Kxe3 52. Rg3+ Kxf4 53.
Rxa3 1-0